 Dungeon Crawl Stone Soup version 0.25-a0-842-g81a31cfd23 (webtiles) character file.

Game seed: 8541881092458464341, levelgen mode: deterministic

599 Conn the Magician (level 7, -3/43 HPs)
             Began as an Octopode Fire Elementalist on Apr 24, 2020.
             Slain by a gnoll
             ... wielding a +0 flail
              (4 damage)
             ... on level 6 of the Dungeon.
             The game lasted 00:31:03 (5341 turns).

Conn the Magician (Octopode Fire Elementalist)      Turns: 5341, Time: 00:31:04

Health: -3/43      AC:  3    Str:  7    XL:     7   Next: 41%
Magic:  14/14      EV: 14    Int: 20    God:
Gold:   107        SH:  0    Dex: 12    Spells: 4/15 levels left

rFire    . . .     SeeInvis .   d - +3 short sword
rCold    . . .     Gourm    .   (no shield)
rNeg     . . .     Faith    .   g - +2 hat
rPois    .         Spirit   .   (no amulet)
rElec    .         Reflect  .   (no ring)
rCorr    .         Harm     .   (no ring)
MR       .....                  (no ring)
Stlth    +++.......             (no ring)
HPRegen  0.14/turn              (no ring)
MPRegen  0.14/turn              (no ring)
                                (no ring)
                                (no ring)

@: mighty
A: almost no armour, stealthy swim, amphibious, 8 rings, constrict 8, camouflage
1, gelatinous body 1
a: no special abilities


You were on level 6 of the Dungeon.
You were not hungry.

You visited 1 branch of the dungeon, and saw 6 of its levels.

You collected 107 gold pieces.

Inventory:

Hand Weapons
 a - a +0 short sword
 d - a +3 short sword (weapon)
Missiles
 m - an atropa-tipped dart (quivered)
Armour
 g - a +2 hat (worn)
Scrolls
 e - 2 scrolls of remove curse
 f - a scroll of amnesia
 i - a scroll of identify
Potions
 c - 2 potions of resistance
Comestibles
 b - 7 rations
 h - 10 chunks of flesh


   Skills:
 + Level 1.2 Fighting
 + Level 1.4 Short Blades
 + Level 0.2 Throwing
 + Level 3.0 Dodging
 + Level 4.1 Stealth
 * Level 4.7 Spellcasting
 + Level 2.8 Conjurations
 + Level 4.4 Fire Magic


You had 4 spell levels left.
You knew the following spells:

 Your Spells              Type           Power        Failure   Level  Hunger
a - Foxfire               Conj/Fire      ###.         2%          1    None
b - Conjure Flame         Conj/Fire      ###.....     8%          3    ##.....
c - Inner Flame           Hex/Fire       ##......     14%         3    ##.....
d - Sticky Flame          Conj/Fire      ###.....     26%         4    ####...

Your spell library contained the following spells:

 Spells                   Type           Power        Failure   Level  Hunger
 Fireball                 Conj/Fire      ###.......   58%         5    ######.


Dungeon Overview and Level Annotations

Branches:
Dungeon (6/15)             Temple (0/1) D:4

Altars:
Qazlal

Annotations:
D:5 3 runed translucent doors, larifari's ghost, novice OpVM


Innate Abilities, Weirdness & Mutations

You cannot wear most types of armour.
You are very stealthy in the water. (Stealth+)
You are amphibious.
You can wear up to eight rings at the same time.
You can use your tentacles to constrict eight enemies at once.
Your skin changes colour to match your surroundings (Stealth+).
Your rubbery body absorbs attacks. (AC +1, EV +1)


Message History

Okay, then.
Unknown command.
The iguana hisses angrily.
You puncture the worker ant! You grab the worker ant.
The worker ant is heavily wounded.
You constrict the worker ant, but do no damage.
The worker ant misses you. The leopard gecko barely misses you.
You puncture the worker ant! You squeeze the worker ant.
You kill the worker ant!
An iguana comes into view.
The leopard gecko bites you.
* * * LOW HITPOINT WARNING * * *
Press: ? - help, v - describe, . - travel
Here: a leopard gecko The floor.
Unknown command.
You barely miss the gnoll. Your grab misses the gnoll. You squeeze the gnoll.
The gnoll is moderately wounded.
The leopard gecko closely misses you. The gnoll hits you with a +0 flail.
You die...

########
#......#
#......#
#......#
#...[..#
#......#
#.@l...#
#..g...#
#####l###
#.g....#
#.###l.#
#)###..######
#g##.<.l....r.
#.##...#####..
.....#l#


You could see 2 iguanas, a gnoll and a leopard gecko.

Vanquished Creatures
  2 bullfrogs
  A scorpion (D:6)
  A howler monkey (D:4)
  2 orc priests
  Natasha (thrice) (D:3)
  3 orc wizards
  A worker ant (D:6)
  Robin (D:3)
  3 gnolls (D:6)
  An ooze (D:2)
  A worm (D:3)
  A dart slug (D:1)
  4 leopard geckos
  7 orcs
  7 bats
  A giant cockroach (D:2)
  15 goblins
  13 hobgoblins
  7 jackals
  A quokka (D:4)
  A frilled lizard (D:3)
  5 kobolds
  12 rats
93 creatures vanquished.

Vanquished Creatures (others)
  2 frilled lizards (D:1)
  268 foxfires
  3 plants (D:3)
273 creatures vanquished.

Grand Total: 366 creatures vanquished

Notes
Turn   | Place    | Note
-------+----------+-------------------------------------------
     0 | D:1      | Conn the Octopode Fire Elementalist began the quest for the
                  | Orb.
     0 | D:1      | Reached XP level 1. HP: 11/11 MP: 3/3
   155 | D:1      | Reached XP level 2. HP: 17/17 MP: 3/5
   834 | D:1      | Reached XP level 3. HP: 21/21 MP: 1/6
  1902 | D:3      | Reached XP level 4. HP: 27/27 MP: 5/7
  2055 | D:3      | Noticed a bullfrog
  2068 | D:3      | Killed a bullfrog
  2068 | D:3      | Reached XP level 5. HP: 31/31 MP: 6/9
  2242 | D:3      | Noticed Robin
  2244 | D:3      | Noticed an orc warrior
  2277 | D:4      | Found a staircase to the Ecumenical Temple.
  2428 | D:3      | Noticed Natasha
  2436 | D:3      | Killed Natasha
  2471 | D:3      | Learned a level 3 spell: Conjure Flame
  2475 | D:3      | Learned a level 3 spell: Inner Flame
  2729 | D:3      | Noticed Natasha
  2740 | D:3      | Killed Natasha
  2740 | D:3      | Reached skill level 1 in Short Blades
  2740 | D:3      | Reached XP level 6. HP: 27/37 MP: 6/10
  2758 | D:3      | Noticed Natasha
  2764 | D:3      | Killed Natasha
  3159 | D:4      | Reached skill level 1 in Fighting
  3446 | D:2      | Learned a level 4 spell: Sticky Flame
  3761 | D:3      | Killed Robin
  5210 | D:4      | Found a stormy altar of Qazlal.
  5275 | D:4      | Reached XP level 7. HP: 43/43 MP: 11/13
  5307 | D:5      | Entered Level 5 of the Dungeon
  5307 | D:5      | Found a runed translucent gate.
  5307 | D:5      | Found a runed translucent gate.
  5307 | D:5      | Found a runed translucent gate.
  5307 | D:5      | Noticed larifari's ghost (novice OpVM)
  5339 | D:6      | HP: 1/43 [leopard gecko (3)]
  5341 | D:6      | Slain by a gnoll

Levels and vault maps discovered:
D:1:      shiori_arrival_oz, layout_loops_ring, minivault_11,
          minmay_splitting_lines
D:2:      layout_rooms, first_ration, grunt_decor_resistance
D:3:      layout_loops_ring, guppyfry_early_lair_pool, uniq_natasha, uniq_robin
D:4:      layout_gridville, nicolae_qazlal_general_emergency,
          kiku_gazebo_garden_becter, minmay_temple_entry_stoned_glass
D:5:      layout_rooms, serial_shops, shop_fountains, basic_altar,
          ebering_ghost_rock_garden
D:6:      layout_loops_cross, zin_treasury, uniq_crazy_yiuf_cottage,
          uniq_blork_the_orc

Skill      XL: |  1  2  3  4  5  6  7 |
---------------+----------------------+-----
Stealth        | 3 4 |  4.1
Conjurations   | 2 |  2.8
Spellcasting   | 3 4 |  4.7
Fire Magic     | 4 |  4.4
Short Blades   | 1 |  1.4
Fighting       | 1 |  1.2
Dodging        | 3 |  3.0
Throwing       | |  0.2

Action                   |  1- 3 |  4- 6 |  7- 9 || total
-------------------------+-------+-------+-------++-------
Melee: Short sword       |     6 |    24 |    17 ||    47
       Tentacles         |     2 |     2 |     5 ||     9
       Constrict         |     1 |     7 |     5 ||    13
Throw: Dart              |       |     7 |       ||     7
 Cast: Foxfire           |    61 |   100 |     1 ||   162
       Conjure Flame     |       |     3 |       ||     3
  Use: Potion            |       |     7 |     1 ||     8
       Scroll            |       |     3 |       ||     3
 Stab: Sleeping          |     4 |     4 |       ||     8
  Eat: Chunk             |     3 |    11 |       ||    14
Armor: Skin              |     8 |     6 |     1 ||    15
Dodge: Dodged            |    37 |    63 |    16 ||   116

Table legend:
 A = Non-vault XP
 B = Vault XP
 C = Vault XP percentage of total XP
 D = Non-vault monster count
 E = Vault monster count
 F = Vault count percentage of total count
                 A         B        C        D         E       F
            +---------+---------+-------+---------+---------+-------
      Total |     783 |      73 |   8.5 |      78 |      15 |  16.1
            +---------+---------+-------+---------+---------+-------
        D:1 |      51 |       4 |   7.3 |      28 |       2 |   6.7
        D:2 |      25 |       7 |  21.9 |      12 |       4 |  25.0
        D:3 |     320 |      61 |  16.0 |      23 |       8 |  25.8
        D:4 |     148 |       1 |   0.7 |       9 |       1 |  10.0
        D:6 |     239 |       0 |   0.0 |       6 |       0 |   0.0
            +---------+---------+-------+---------+---------+-------
